 Dungeon Crawl Stone Soup version 0.19-a0-1908-g43c011f (webtiles) character file.

16496 Kidiri the Thaumaturge (level 12, -13/68 HPs)
             Began as a Deep Elf Fire Elementalist on Oct 22, 2016.
             Was a Priest of Vehumet.
             Mangled by an ogre
             ... wielding a +0 giant club
              (19 damage)
             ... on level 1 of the Orcish Mines.
             The game lasted 00:49:33 (18964 turns).

Kidiri the Thaumaturge (DEFE)                      Turns: 18964, Time: 00:49:34

Health: -13/68     AC: 11    Str:  5    XL:     12   Next: 10%
Magic:  24/30      EV: 15    Int: 26    God:    Vehumet [***...]
Gold:   339        SH:  0    Dex: 15    Spells: 9 memorised, 9 levels left

rFire  + . .     SeeInvis .     f - +6 dagger (venom)
rCold  . . .     Gourm    .     y - +0 leather armour {rPois}
rNeg   . . .     Faith    .     (no shield)
rPois  +         Spirit   .     (helmet restricted)
rElec  .         Reflect  .     w - +2 cloak {rPois}
rCorr  .         Harm     .     h - +0 pair of gloves
MR     ++...                    C - +0 pair of boots (curse)
Stlth  +++.......               (no amulet)
                                l - ring "Ofuciawy" {MR+ Slay+3 Stlth+}
                                n - ring of protection from fire

@: no status effects
A: antennae 1, yellow scales 1, MP-powered wands
a: Renounce Religion


You were on level 1 of the Orcish Mines.
You worshipped Vehumet.
Vehumet was most pleased with you.
You were not hungry.

You visited 3 branches of the dungeon, and saw 13 of its levels.

You collected 598 gold pieces.
You spent 259 gold pieces at shops.

Inventory:

Hand Weapons
 f - a +6 dagger of venom (weapon)
 G - a +0 dagger of holy wrath
Missiles
 B - 2 throwing nets (quivered)
Armour
 h - a +0 pair of gloves (worn)
 w - a +2 cloak of poison resistance (worn)
 y - a +0 leather armour of poison resistance (worn)
 C - a cursed +0 pair of boots (worn)
 J - the +5 shield "Recusate" {*Slow rElec rPois}
   (You acquired it on level 9 of the Dungeon)

   It insulates you from electricity.
   It protects you from poison.
   It may slow you when you take damage.
 L - a +2 helmet of see invisible
Jewellery
 l - the ring "Ofuciawy" (right hand) {MR+ Slay+3 Stlth+}
   (You found it on level 6 of the Dungeon)

   [ring of stealth]

   It affects your accuracy and damage with ranged weapons and melee attacks
   (+3).
   It affects your resistance to hostile enchantments.
   It makes you more stealthy.
 n - a ring of protection from fire (left hand)
 v - an uncursed ring of resist corrosion
Wands
 b - a wand of flame (15/48)
 k - a wand of iceblast (13/15)
 r - a wand of lightning (5/15)
 u - a wand of random effects (18/48)
 E - a wand of lightning (6/15)
 H - a wand of flame (1/48)
 I - a wand of enslavement (18/24)
 N - a wand of slowing (22/48)
Scrolls
 g - 4 scrolls of remove curse
 i - 3 scrolls of fog
 t - 3 scrolls of recharging
Potions
 a - a potion of magic
 d - 2 potions of cancellation
 e - a potion of berserk rage
 m - 2 potions of lignification
 p - 5 potions of might
 q - a potion of agility
 s - 2 potions of curing
 x - a potion of haste
 D - a potion of brilliance
 M - a potion of flight
Comestibles
 c - 10 bread rations
 j - 3 chunks of flesh
 F - 2 meat rations


   Skills:
 + Level 4.8 Fighting
 + Level 5.8 Short Blades
 + Level 4.8 Armour
 + Level 7.3 Dodging
 - Level 2.4 Stealth
 + Level 2.7 Shields
 * Level 12.7 Spellcasting
 + Level 8.1 Conjurations
 + Level 8.1 Fire Magic
 + Level 1.0 Air Magic
 + Level 3.6 Earth Magic
 + Level 6.5 Evocations


You had 9 spell levels left.
You knew the following spells:

 Your Spells              Type           Power        Failure   Level  Hunger
a - Flame Tongue          Conj/Fire      #####        1%          1    None
b - Throw Flame           Conj/Fire      ######       1%          2    None
c - Conjure Flame         Conj/Fire      ######..     1%          3    None
d - Inner Flame           Hex/Fire       #####...     1%          3    None
e - Sticky Flame          Conj/Fire      ######..     1%          4    None
f - Fireball              Conj/Fire      ######....   2%          5    ###....
g - Iskenderun's Battles  Conj/Chrm      #####...     9%          5    ###....
h - Sandblast             Erth           #####.       1%          1    None
i - Static Discharge      Conj/Air       #####...     1%          3    None


Dungeon Overview and Level Annotations

Branches:
Dungeon (11/15)            Temple (1/1) D:4            Lair (0/6) D:11
    Orc (1/2) D:10

Altars:
Ashenzari
Cheibriados
Dithmenos
Elyvilon
Fedhas
Gozag
Hepliaklqana
Kikubaaqudgha
Makhleb
Nemelex Xobeh
Okawaru
Qazlal
Ru
Sif Muna
Trog
Uskayaw
Vehumet
Xom
Yredelemnul
Zin
The Shining One
Jiyva

Shops:
D:5 [   D:9 =}

Annotations:
D:11 Harold; Philosophy's ghost, journeyman CeHu


Innate Abilities, Weirdness & Mutations

You have a pair of small antennae on your head.
You are partially covered in yellow scales. (AC +2)
You expend magic power (3 MP) to strengthen your wands.


Message History

Unknown command.
Unknown command.
Casting: Fireball
Confirm with . or Enter, or press ? or * to list all spells.
Aiming: Fireball
Press: ? - help, Shift-Dir - straight line The fireball explodes!
The fireball engulfs the orc priest.
You kill the orc priest!
Vehumet accepts your kill.
You feel your power returning.
The fireball engulfs the orc warrior.
The orc warrior is almost dead.
The fireball engulfs the orc wizard.
You kill the orc wizard!
Vehumet accepts your kill.
The fireball engulfs the orc.
You kill the orc!
Vehumet accepts your kill.
You hear a shout! x7
The ogre hits you with a giant club!!
You die...

....>..... $.
.......... ...#
$........# ..##
$#.......##.#.##
................
...o.............
.......$...#..$.
......#.@O..##
.#....o.$oo..#
o.#..)..##o.###
#....))##o.#.##
##......#......#
#......<..o...##
##$....)).#$###
#.......)###
#...#....##


You could see 3 orc warriors, an ogre, an orc priest, an orc wizard and an orc.

Vanquished Creatures
  Snorg (D:11)
  A centaur warrior (D:11)
  Erica (D:8)
  The ghost of CcS the Cleaver, a novice FoFi of Okawaru (D:9)
  An unseen horror (D:11)
  2 hill giants (D:10)
  A cyclops (D:8)
  Joseph (D:7)
  4 trolls
  Grinder (D:4)
  Prince Ribbit (D:8)
  4 hippogriffs
  A shadow (D:11)
  3 wyverns
  8 yaks
  A spriggan (D:7)
  A wraith (D:10)
  The ghost of Kenran the Cudgeler, an amateur MiAK of Lugonu (D:4)
  A hungry ghost (D:11)
  Duvessa (D:7)
  Purgy (D:4)
  3 black bears
  2 ice beasts
  3 phantoms
  5 sky beasts
  4 orc warriors
  6 ogres
  11 centaurs
  2 big kobolds
  11 bullfrogs
  Blork the orc (D:4)
  2 wyvern zombies
  2 scorpions
  Dowan (D:7)
  9 killer bees
  8 wights
  2 howler monkeys
  6 crimson imps
  A centaur skeleton (D:7)
  8 hounds
  2 centaur zombies
  3 jellies
  15 orc wizards
  A quasit (D:11)
  Crazy Yiuf (D:4)
  5 orc priests
  8 iguanas
  Natasha (thrice) (D:3)
  11 worker ants
  A hound zombie (D:8)
  A howler monkey skeleton (D:4)
  4 gnolls
  12 adders
  4 shadow imps
  2 oozes (D:3)
  An adder zombie (D:10)
  An adder skeleton (D:7)
  3 worms
  2 dart slugs
  8 leopard geckos
  50 orcs
  9 giant cockroaches
  8 goblins
  11 hobgoblins
  22 jackals
  16 kobolds
  8 quokkas
  A ball python (D:5)
  10 bats
  5 frilled lizards
  A quokka skeleton (D:9)
  A quokka zombie (D:5)
  5 rats
  A fungus (D:4)
360 creatures vanquished.

Notes
Turn   | Place    | Note
-------+----------+-------------------------------------------
     0 | D:1      | Kidiri the Deep Elf Fire Elementalist began the quest for the Orb.
     0 | D:1      | Reached XP level 1. HP: 10/10 MP: 6/6
   185 | D:1      | Reached XP level 2. HP: 5/15 MP: 1/8
   382 | D:1      | Learned a level 2 spell: Throw Flame
   645 | D:1      | Reached skill level 4 in Spellcasting
  1150 | D:2      | Reached XP level 3. HP: 19/19 MP: 6/10
  1168 | D:2      | Learned a level 3 spell: Conjure Flame
  1172 | D:2      | Learned a level 3 spell: Inner Flame
  1562 | D:2      | Reached XP level 4. HP: 24/24 MP: 1/12
  2178 | D:3      | Noticed Natasha
  2183 | D:3      | Killed Natasha
  2291 | D:3      | Found an iron altar of Okawaru.
  2306 | D:3      | Reached skill level 5 in Spellcasting
  2685 | D:3      | Learned a level 4 spell: Sticky Flame
  2762 | D:3      | Reached XP level 5. HP: 28/28 MP: 7/14
  3146 | D:3      | Noticed Natasha
  3147 | D:3      | Killed Natasha
  3147 | D:3      | Reached skill level 6 in Spellcasting
  3287 | D:3      | Reached XP level 6. HP: 32/32 MP: 17/17
  3534 | D:3      | Noticed Natasha
  3537 | D:3      | Killed Natasha
  4100 | D:4      | Noticed Kenran's ghost (amateur MiAK)
  4117 | D:4      | Killed Kenran's ghost
  4117 | D:4      | Reached skill level 7 in Spellcasting
  4117 | D:4      | Reached skill level 5 in Fire Magic
  4250 | D:4      | Learned a level 5 spell: Fireball
  4275 | D:4      | Reached XP level 7. HP: 31/36 MP: 11/19
  4502 | D:4      | Noticed Blork the orc
  4509 | D:4      | Killed Blork the orc
  4694 | D:4      | Reached skill level 1 in Short Blades
  4694 | D:4      | Reached skill level 1 in Evocations
  4939 | D:4      | Found a staircase to the Ecumenical Temple.
  4965 | Temple   | Entered the Ecumenical Temple
  5159 | D:4      | Noticed Purgy
  5165 | D:4      | Killed Purgy
  5165 | D:4      | Reached skill level 1 in Fighting
  5169 | D:4      | Noticed Grinder
  5169 | D:4      | Paralysed by Grinder for 3 turns
  5174 | D:4      | Paralysed by Grinder for 5 turns
  5181 | D:4      | Killed Grinder
  5181 | D:4      | Reached skill level 1 in Armour
  5181 | D:4      | Reached skill level 8 in Spellcasting
  5181 | D:4      | Reached XP level 8. HP: 6/43 MP: 11/22
  5528 | D:4      | Found a bloodstained altar of Trog.
  5528 | D:4      | Found a faded altar of an unknown god.
  5533 | D:4      | Found a faded altar of an unknown god.
  5535 | D:4      | Found a faded altar of an unknown god.
  5537 | D:4      | Found a faded altar of an unknown god.
  5667 | D:4      | Found a runed door.
  5767 | D:4      | Noticed Crazy Yiuf
  5771 | D:4      | Killed Crazy Yiuf
  5771 | D:4      | Reached skill level 5 in Conjurations
  5888 | D:5      | Entered Level 5 of the Dungeon
  6000 | D:5      | Found a basalt altar of Yredelemnul.
  6040 | D:5      | Found Nimuzoq's Armour Shoppe.
  6058 | D:5      | Bought a +2 cloak of poison resistance for 259 gold pieces
  6072 | D:5      | Found a sparkling altar of Nemelex Xobeh.
  6094 | D:5      | Found a shimmering altar of Xom.
  6611 | D:5      | Found a deep blue altar of Sif Muna.
  6652 | D:5      | Reached skill level 9 in Spellcasting
  7138 | D:6      | Reached XP level 9. HP: 44/48 MP: 17/24
  7197 | D:6      | Identified a scroll of acquirement
  7197 | D:6      | Identified Citinypoub's Catalogue of Boosting Calling (You acquired it on level 6 of the Dungeon)
  7205 | D:6      | Learned a level 5 spell: Iskenderun's Battlesphere
  7345 | D:6      | Got a coiled tin ring
  7354 | D:6      | Identified the ring "Ofuciawy" {MR+ Slay+3 Stlth+} (You found it on level 6 of the Dungeon)
  7680 | D:6      | Found a snail-covered altar of Cheibriados.
  8066 | D:6      | Found a hazy altar of Hepliaklqana.
  8103 | D:6      | Gained mutation: You are clumsy. (Dex -2) [potion of mutation]
  8103 | D:6      | Gained mutation: You are partially covered in yellow scales. (AC +2) [potion of mutation]
  8103 | D:6      | Gained mutation: You expend magic power (3 MP) to strengthen your wands. [potion of mutation]
  8245 | D:7      | Noticed Joseph
  8266 | D:7      | Killed Joseph
  8518 | D:7      | Reached skill level 5 in Dodging
  8518 | D:7      | Reached skill level 10 in Spellcasting
  9207 | D:7      | Noticed Duvessa
  9207 | D:7      | Noticed Dowan
  9217 | D:7      | Killed Dowan
  9243 | D:7      | Killed Duvessa
  9398 | D:7      | Found a glowing silver altar of Zin.
  9399 | D:7      | Found an opulent altar of Gozag.
  9513 | D:7      | Reached XP level 10. HP: 45/56 MP: 15/26
  9989 | D:8      | Noticed Erica
  9999 | D:8      | Killed Erica
 10443 | D:8      | Noticed Prince Ribbit
 10449 | D:8      | Killed Prince Ribbit
 10544 | D:8      | Found a burning altar of Makhleb.
 10545 | D:8      | Found a radiant altar of Vehumet.
 10551 | D:8      | Reached skill level 5 in Evocations
 10559 | D:8      | Became a worshipper of Vehumet
 10778 | D:8      | Reached skill level 11 in Spellcasting
 11245 | D:8      | Noticed a cyclops
 11259 | D:8      | Killed a cyclops
 11717 | D:9      | Got an ichor-stained shield
 11723 | D:9      | Identified the +5 shield "Recusate" {*Slow rElec rPois} (You acquired it on level 9 of the Dungeon)
 11848 | D:9      | Found a sacrificial altar of Ru.
 11976 | D:9      | Reached * piety under Vehumet
 11976 | D:9      | Offered knowledge of Sandblast by Vehumet.
 11979 | D:9      | Learned a level 1 spell: Sandblast
 12059 | D:9      | Found Pegab's Jewellery Emporium.
 12082 | D:9      | Found Wekes's Gadget Emporium.
 12294 | D:9      | Noticed CcS's ghost (novice FoFi)
 12614 | D:9      | Killed CcS's ghost
 12614 | D:9      | Reached skill level 1 in Earth Magic
 12614 | D:9      | Reached XP level 11. HP: 12/60 MP: 13/28
 13077 | D:9      | Found a stormy altar of Qazlal.
 13165 | D:9      | Reached skill level 1 in Shields
 13167 | D:9      | Reached skill level 5 in Short Blades
 13439 | D:9      | Reached ** piety under Vehumet
 13439 | D:9      | Offered knowledge of Magic Dart by Vehumet.
 13526 | D:10     | Entered Level 10 of the Dungeon
 13580 | D:10     | Reached skill level 12 in Spellcasting
 13588 | D:10     | Noticed a hill giant
 13641 | D:10     | Killed a hill giant
 13696 | D:10     | Noticed a hill giant
 13713 | D:10     | Killed a hill giant
 13881 | D:10     | Found a staircase to the Orcish Mines.
 15752 | D:11     | Noticed a green ugly thing
 15752 | D:11     | Noticed a centaur warrior
 15797 | D:11     | Gained mutation: You have a pair of small antennae on your head. [mutagenic meat]
 15799 | D:11     | Lost mutation: You are clumsy. (Dex -2) [mutagenic meat]
 15907 | D:11     | Noticed Snorg
 15915 | D:11     | Killed Snorg
 15958 | D:11     | Noticed Harold
 16125 | D:11     | Found a staircase to the Lair.
 16437 | D:11     | Noticed Philosophy's ghost (journeyman CeHu)
 16448 | D:11     | HP: 3/62 [Philosophy's ghost (27)]
 16901 | D:11     | Offered knowledge of Static Discharge by Vehumet.
 16906 | D:11     | Learned a level 3 spell: Static Discharge
 16915 | D:11     | Noticed an unseen horror
 16918 | D:11     | Killed an unseen horror
 17412 | D:11     | Killed a centaur warrior
 17412 | D:11     | Reached skill level 1 in Air Magic
 17412 | D:11     | Reached XP level 12. HP: 10/67 MP: 21/30
 17558 | D:10     | Reached *** piety under Vehumet
 18517 | D:11     | HP: 2/67 [Philosophy's ghost (28)]
 18839 | Orc:1    | Entered Level 1 of the Orcish Mines
 18962 | Orc:1    | HP: 1/67 [orc wizard/magic dart (5)]
 18964 | Orc:1    | Mangled by an ogre

Vault maps used:
D:1:      noname_arrival_rooms_in_the_neighbourhood
D:2:      minmay_tetromino_t4
D:3:      lemuel_crystal_altar, first_bread, serial_park_tiny_pond, uniq_natasha
D:4:      chequers_temple_overflow_minitemple, uniq_purgy, uniq_blork_the_orc,
          uniq_grinder, uniq_crazy_yiuf_cottage
D:5:      lemuel_doored_altar, xom_teletrap_fun, lemuel_blue_sif_altar,
          serial_shops, shop, basic_altar, hex_tiny,
          hangedman_abyss_or_decor_stagger, small_statue_intersection,
          serial_bayou_pond_b, item_on_display_a
D:6:      cheibriados_altar_1, kennysheep_little_box
D:7:      grunt_temple_overflow_gold_and_silver, the_bakery, feat_on_display,
          uniq_duvessa, uniq_joseph
D:8:      minmay_diamond_stairs, grunt_temple_overflow_lords_of_destruction,
          uniq_prince_ribbit1, uniq_erica
D:9:      marbit_many_paths, serial_shops, shop, nicolae_shop_window_shopping,
          grunt_qazlal_clouds
D:10:     orc_0_dummy
D:11:     dpeg_lair_monsters, uniq_snorg, uniq_harold
Temple:   pf_slime_end_temple
Orc:1:    serial_shops, shop

Skill      XL: |  1  2  3  4  5  6  7  8  9 10 11 |
---------------+----------------------------------+-----
Spellcasting   | 4 5 6 7 8 9 10 11 12 | 12.7
Conjurations   | 2 3 4 5 6 7 8 |  8.1
Fire Magic     | 4 5 6 7 8 |  8.1
Short Blades   | 1 2 3 4 5 |  5.8
Evocations     | 1 2 4 5 6 |  6.5
Fighting       | 1 2 3 4 |  4.8
Armour         | 1 2 3 4 |  4.8
Dodging        | 3 4 5 6 7 |  7.3
Earth Magic    | 1 3 |  3.6
Shields        | 2 |  2.7
Air Magic      | 1 |  1.0
Stealth        | |  2.4

Action                   |  1- 3 |  4- 6 |  7- 9 | 10-12 || total
-------------------------+-------+-------+-------+-------++-------
Melee: Unarmed           |     3 |       |       |       ||     3
       Dagger            |    33 |    67 |   149 |   197 ||   446
 Cast: Flame Tongue      |    54 |    52 |   125 |   241 ||   472
       Throw Flame       |     6 |     7 |    24 |    49 ||    86
       Sticky Flame      |       |     1 |    10 |    51 ||    62
       Conjure Flame     |       |     1 |     3 |     7 ||    11
       Inner Flame       |       |       |     4 |     3 ||     7
       Fireball          |       |       |       |    15 ||    15
       Iskenderun's Batt |       |       |       |     1 ||     1
  Use: Scroll            |     5 |     4 |    11 |     7 ||    27
       Potion            |       |       |     2 |     7 ||     9
 Stab: Sleeping          |     3 |     9 |     6 |     5 ||    23
       Distracted        |       |     1 |       |     2 ||     3
  Eat: Chunk             |     2 |     8 |    17 |    25 ||    52
       Fruit             |       |       |       |     6 ||     6
       Beef jerky        |       |       |       |     2 ||     2
       Meat ration       |       |       |       |     1 ||     1
Armor: Robe              |     9 |       |       |       ||     9
       Leather armour    |     8 |    19 |    70 |   110 ||   207
Dodge: Dodged            |    51 |    43 |   110 |   236 ||   440
